AoeStats
← Logan Kapuczino

Socotra

504186280Analyzed
4v4 RM · 29d ago on Sep 4, 2026· 20m 50s· 8 players
Game mode
Random Map
Map size
148×148
Population
200
Speed
Normal
Resources
Standard
Victory
Conquest
Starting age
Dark Age
Ending age
Imperial Age
RankedLock teamsTeams togetherTeam positionsShared explorationLock speedFull tech treeHidden civsTurbo modeCheats
Victory
Defeat
🇨🇳 Burmese · China
695
+11
🇬🇧 Persians · United Kingdom
675
+11
🇩🇪 Franks · Germany
674
+11
🇵🇱 Bulgarians · Poland
627
+14
🇲🇽 Bulgarians · Mexico
619
-13
🇬🇧 Romans · United Kingdom
593
-13
🇭🇰 Persians · Hong Kong SAR China
579
-12
🇺🇸 Huns · United States
503
-9
Fairless14
12:03 Feudal Age
baby
0:32 Loom
11:36 Feudal Age
19:47 Castle Age
Killerkang
5:32 Loom
12:32 Feudal Age
13:09 Double-Bit Axe
13:09 Horse Collar
14:36 Wheelbarrow
axizzz3pam
12:38 Feudal Age
12:52 Loom
15:43 Fletching
19:58 Castle Age
21:02 Wheelbarrow
antpant1991
1:07 Loom
11:59 Feudal Age
15:12 Double-Bit Axe
16:39 Town Watch
19:11 Fletching
Logan Kapuczino
11:18 Feudal Age
16:48 Horse Collar
16:57 Double-Bit Axe
Com. Parlo Khrut
12:23 Feudal Age
13:44 Wheelbarrow
12:56 Double-Bit Axe
15:51 Gold Mining
17:05 Forging
17:33 Scale Barding Armor
Noob.
1:02 Loom
12:38 Feudal Age
13:24 Man-at-Arms
Connection lost

Rejoining the realm…

Still unreachable

The connection could not be restored.

Session expired

The server has moved on; the page needs a fresh start.